 Dungeon Crawl Stone Soup version 0.30.1-11-g7821555f0a (webtiles) character file.

Game seed: 16324525063268657475

17983 deadpool521 the Severer (level 12, -3/106 HPs)
             Began as a Minotaur Fighter on Nov 15, 2023.
             Was a High Priest of Okawaru.
             Slain by a black mamba (15 damage)
             ... on level 2 of the Lair of Beasts on Nov 16, 2023.
             The game lasted 00:27:11 (12498 turns).

deadpool521 the Severer (Minotaur Fighter)         Turns: 12498, Time: 00:27:12

Health: -3/106     AC:  9    Str: 31    XL:     12   Next: 23%
Magic:  11/11      EV: 11    Int:  5    God:    Okawaru [*****.]
Gold:   396        SH:  5    Dex:  9    Spells: 11/11 levels left

rFire   + . .        a - +10 hand axe of Araziqov {heavy, rElec rF+ Str+4}
rCold   . . .        c - +0 buckler
rNeg    . . .        b - +0 scale mail
rPois   .            (helmet restricted)
rElec   +            (no cloak)
rCorr   +            (no gloves)
SInv    +            (no boots)
Will    .....        (no amulet)
Stlth   +            y - ring of see invisible
HPRegen 0.37/turn    M - ring of resist corrosion
MPRegen 0.12/turn

%: no passive effects
@: lethally poisoned (-3 -> -25)
A: horns 2, retaliatory headbutt
a: Renounce Religion, Heroism, Finesse, Duel


You were on level 2 of the Lair of Beasts.
You worshipped Okawaru.
Okawaru was extremely pleased with you.
You visited 4 branches of the dungeon, and saw 15 of its levels.

You collected 860 gold pieces.
You spent 464 gold pieces at shops.

Inventory:

Hand Weapons
 a - the +10 hand axe of Araziqov (weapon) {heavy, rElec rF+ Str+4}
   (You found it on level 2 of the Dungeon)

   Str:       It affects your strength (+4).
   rF:        It protects you from fire.
   rElec:     It insulates you from electricity.
 z - the +9 hammer of the Dragonfly {flame, *Noise +Blink Will+}
   (You found it on level 4 of the Dungeon)

   +Blink:    It lets you blink.
   *Noise:    It may make noises in combat.
   Will:      It increases your willpower.
Missiles
 t - 3 throwing nets (quivered)
 w - 5 curare-tipped darts
 x - 51 poisoned darts
 D - 12 boomerangs
 E - 4 atropa-tipped darts
Armour
 b - a +0 scale mail (worn)
 c - a +0 buckler (worn)
Jewellery
 e - a ring of flight
 k - an amulet of magic regeneration
 y - a ring of see invisible (left hand)
 M - a ring of resist corrosion (right hand)
Wands
 v - a wand of acid (2)
 J - a wand of paralysis (1)
 L - a wand of roots (3)
Scrolls
 i - 3 scrolls of fog
 l - 2 scrolls of teleportation
 m - 2 scrolls of enchant weapon
 o - a scroll of enchant armour {unknown}
 q - 2 scrolls of silence
 G - 4 scrolls of immolation
 K - 6 scrolls of identify
Potions
 d - a potion of might
 f - 2 potions of curing
 g - 3 potions of brilliance {unknown}
 h - 5 potions of haste
 j - 3 potions of ambrosia {unknown}
 n - 2 potions of mutation {unknown}
 p - a potion of flight {unknown}
 r - a potion of magic {unknown}
 s - 3 potions of degeneration {unknown}
 A - a potion of cancellation {unknown}
 B - 2 potions of berserk rage {unknown}
 C - a potion of invisibility {unknown}
 F - 3 potions of attraction {unknown}
 I - a potion of lignification {unknown}


   Skills:
 + Level 10.2 Fighting
 * Level 16.3 Axes
 + Level 11.2 Armour
 + Level 5.2 Dodging
 + Level 3.3 Stealth
 + Level 8.1 Shields
 + Level 2.0 Evocations


You had 11 spell levels left.
You didn't know any spells.
Your spell library was empty.

Dungeon Overview and Level Annotations

Branches:
Dungeon (11/15)            Temple (1/1) D:4            Lair (2/5) D:10
  Snake (1/4) Lair:2          Orc (0/2) D:9
  Swamp: Lair:2-3    Shoals: Lair:2-3

Altars:
Ashenzari
Cheibriados
Dithmenos
Elyvilon
Fedhas
Gozag
Hepliaklqana
Kikubaaqudgha
Makhleb
Nemelex Xobeh
Okawaru
Qazlal
Ru
Sif Muna
Trog
Uskayaw
Vehumet
Wu Jian
Xom
Yredelemnul
Zin
The Shining One

Shops:
D:3 !**:   D:7 :*([?   D:8 :   D:9 !

Annotations:
D:5 3 runed translucent doors, YellowLineWalker's ghost, amateur DrMo; lonewolfV2's ghost, novice FoFi
D:10 3 runed translucent doors, turdburglar's ghost, journeyman DsMo


Innate Abilities, Weirdness & Mutations

You have a pair of horns on your head.
You reflexively headbutt those who attack you in melee.


Message History

The black mamba bites you!
You are poisoned.
The black mamba poisons you!
The black mamba bites you but does no damage.
You completely miss the black mamba. Your headbutt misses the black mamba.
The black mamba is severely wounded.
You feel very sick. The black mamba bites you! The black mamba bites you.
You hit the black mamba. Your headbutt misses the black mamba.
The black mamba is almost dead.
You feel very sick. The black mamba bites you!
There are no items here.
The black mamba attacks as you move away!
The black mamba bites you!
You are more poisoned.
The black mamba poisons you!
You feel extremely sick. You block the black mamba's attack.
There is a staircase back to the Lair here.
You feel better. The black mamba bites you!
You are poisoned.
The black mamba poisons you!
The black mamba bites you but does no damage.
You feel better. The black mamba barely misses you. The black mamba bites you!
The black mamba closely misses you.
You climb upwards.
Welcome back to the Lair of Beasts!
There is a staircase to the Snake Pit here.
You are too injured to fight recklessly!
The black mamba bites you!
* * * LOW HITPOINT WARNING * * *
The black mamba bites you!
* * * LOW HITPOINT WARNING * * *
You are lethally poisoned!
The black mamba poisons you!
You feel better. The black mamba bites you!
* * * LOW HITPOINT WARNING * * *
You are lethally poisoned!
The black mamba poisons you! The black mamba bites you!
You die...

# ##.....#P...P##.....P.# .. #
#.....###...##......# . # #.....#
#...~~#.....#
####....###P.~~~~~....#.#
.###....#...~~~~~~~.......
...#.......~~~P~.~~~......
.........~~~~.P...~~~.....
..........~~....S..~~~....
..........~~...>@..~~..#.. #...
..........~~.......~~P...# ^...
..........~~~~..~.~~~..#.P ##...
...........~~~..)~~~..#..# #....
....#.......~~~~~~~.+.... #...
.............~~[~~...##. #...
.........#..........## #...
.........#........P.# #...
.........PPP'#..P.#.##########..^


You could see a black mamba.

Vanquished Creatures
  The ghost of JimboTheBarbarian the Cleaver, a novice MiFi of Trog (D:9)
  2 two-headed ogres (D:10)
  3 elephants (Lair:1)
  3 cane toads
  2 rime drakes
  An unseen horror zombie (D:10)
  3 komodo dragons
  2 trolls (D:10)
  Prince Ribbit (Lair:2)
  A hornet (D:10)
  A meliai zombie (D:10)
  5 blink frogs (Lair:2)
  A shadow (D:10)
  3 wyverns
  12 yaks
  Eustachio (D:4)
  2 basilisks
  A steam dragon (D:6)
  A naga (Lair:2)
  Duvessa (D:7)
  5 water moccasins
  6 orc warriors
  7 ice beasts
  A black bear (Lair:2)
  2 ogres
  11 wolves
  3 centaurs
  2 phantoms (D:6)
  10 kobold brigands
  6 bullfrogs
  9 wights
  Dowan (D:7)
  6 killer bees
  3 howler monkeys (D:9)
  2 electric eels (D:9)
  3 bullfrog zombies (D:6)
  5 centaur zombies
  A human zombie (D:10)
  2 centaur skeletons (D:6)
  2 bullfrog skeletons (D:6)
  4 orc priests
  Crazy Yiuf (D:4)
  7 hounds
  A jelly (D:6)
  Jessica (D:2)
  An iguana (D:5)
  9 orc wizards (D:9)
  Natasha (thrice) (D:3)
  Ijyb (D:3)
  A killer bee zombie (D:6)
  2 mummies (D:10)
  A howler monkey zombie (D:6)
  20 gnolls
  2 adders
  A shadow imp (D:6)
  2 white imps
  2 worms (D:3)
  4 dart slugs
  66 orcs
  9 ball pythons
  4 endoplasms
  3 giant cockroaches
  4 goblins
  12 hobgoblins
  A quokka (D:2)
  6 bats
  3 frilled lizards
  65 kobolds
  A kobold zombie (D:8)
  4 rats
  A rat zombie (D:8)
376 creatures vanquished.

Notes
Turn   | Place    | Note
-------+----------+-------------------------------------------
     0 | D:1      | deadpool521 the Minotaur Fighter began the quest for the
                  | Orb.
     0 | D:1      | Reached XP level 1. HP: 19/19 MP: 0/0
   126 | D:1      | Reached XP level 2. HP: 27/27 MP: 1/1
   313 | D:1      | Reached skill level 3 in Axes
   435 | D:1      | Reached XP level 3. HP: 30/33 MP: 2/2
   512 | D:2      | Found a faded altar of an unknown god.
   633 | D:2      | Identified the +10 hand axe of Araziqov {heavy, rElec rF+
                  | Str+4}
   747 | D:2      | Noticed Jessica
   750 | D:2      | Killed Jessica
   752 | D:2      | Reached skill level 4 in Axes
   752 | D:2      | Reached XP level 4. HP: 40/40 MP: 3/3
  1134 | D:3      | Found Dyqadid's Book Boutique.
  1165 | D:3      | Noticed Natasha
  1170 | D:3      | Killed Natasha
  1216 | D:3      | Noticed Natasha
  1219 | D:3      | Killed Natasha
  1220 | D:3      | Found Ofybimnu's Distillery.
  1237 | D:3      | Bought a potion of might for 52 gold pieces
  1237 | D:3      | Bought a potion of heal wounds for 65 gold pieces
  1318 | D:3      | Noticed Natasha
  1319 | D:3      | Noticed a kobold brigand
  1323 | D:3      | Killed Natasha
  1324 | D:3      | Reached skill level 5 in Axes
  1324 | D:3      | Reached XP level 5. HP: 41/47 MP: 4/4
  1438 | D:3      | Found Yvoumorch's Assorted Antiques.
  1453 | D:3      | Found Ynlimuwe's Assorted Antiques.
  1608 | D:3      | Reached skill level 6 in Axes
  1610 | D:3      | Reached XP level 6. HP: 50/53 MP: 5/5
  1966 | D:3      | Reached skill level 5 in Fighting
  1966 | D:3      | Reached skill level 7 in Axes
  1966 | D:3      | Reached skill level 1 in Dodging
  1969 | D:3      | Reached XP level 7. HP: 53/61 MP: 6/6
  2011 | D:3      | Reached skill level 5 in Armour
  2195 | D:3      | Noticed Ijyb
  2202 | D:3      | Killed Ijyb
  2531 | D:4      | Found a sacrificial altar of Ru.
  2762 | D:4      | Noticed Eustachio
  2773 | D:4      | Killed Eustachio
  2774 | D:4      | Reached skill level 8 in Axes
  2815 | D:4      | Found a staircase to the Ecumenical Temple.
  2832 | Temple   | Entered the Ecumenical Temple
  3189 | D:4      | Found a runed translucent door.
  3190 | D:4      | Noticed Crazy Yiuf
  3195 | D:4      | Killed Crazy Yiuf
  3200 | D:4      | Identified the +9 hammer of the Dragonfly {flame, *Noise
                  | +Blink Will+}
  3234 | D:5      | Entered Level 5 of the Dungeon
  3338 | D:5      | Found a runed translucent gate.
  3338 | D:5      | Found a runed translucent gate.
  3338 | D:5      | Found a runed translucent gate.
  3342 | D:5      | Noticed lonewolfV2's ghost (novice FoFi)
  3342 | D:5      | Noticed YellowLineWalker's ghost (amateur DrMo)
  3502 | D:5      | Reached XP level 8. HP: 54/69 MP: 7/7
  3602 | D:5      | Found a snail-covered altar of Cheibriados.
  3664 | D:5      | Identified the +2 leather armour "Hew Maits" {rF+ rCorr
                  | Str+3}
  4032 | D:6      | Reached skill level 9 in Axes
  4274 | D:6      | Found a shadowy altar of Dithmenos.
  4293 | D:6      | Found a stormy altar of Qazlal.
  4346 | D:6      | Reached skill level 5 in Shields
  4406 | D:6      | Reached skill level 10 in Axes
  4475 | D:6      | Reached XP level 9. HP: 75/75 MP: 8/8
  4527 | D:6      | Found a glowing silver altar of Zin.
  4635 | D:6      | Found a hide-covered altar of Uskayaw.
  4962 | D:6      | Reached skill level 11 in Axes
  5079 | D:7      | Found Gyhiobat's Book Shop.
  5137 | D:7      | Noticed Dowan
  5137 | D:7      | Noticed Duvessa
  5154 | D:7      | Killed Duvessa
  5161 | D:7      | Killed Dowan
  5308 | D:7      | Found Jechiq's Weapon Shoppe.
  5387 | D:7      | Found Sushrinol's Magic Scroll Boutique.
  5392 | D:7      | Bought a scroll of identify for 22 gold pieces
  5392 | D:7      | Bought a scroll of identify for 22 gold pieces
  5392 | D:7      | Bought a scroll of teleportation for 33 gold pieces
  5410 | D:7      | Found Diwygek's Armour Shoppe.
  5477 | D:7      | Found Gatul's Assorted Antiques.
  5555 | D:7      | Found an iron altar of Okawaru.
  5830 | D:8      | Reached skill level 12 in Axes
  5888 | D:8      | Reached skill level 1 in Stealth
  6446 | D:8      | Reached XP level 10. HP: 78/86 MP: 9/9
  6485 | D:8      | Found Riuzudd's Vocational Training.
  6771 | D:7      | Became a worshipper of Warmaster Okawaru
  6972 | D:9      | Reached skill level 13 in Axes
  7238 | D:9      | Found a runed translucent door.
  7293 | D:9      | Found Hiysk's Distillery.
  7303 | D:9      | Bought a potion of heal wounds for 75 gold pieces
  7303 | D:9      | Bought a potion of curing for 45 gold pieces
  7303 | D:9      | Bought a potion of heal wounds for 75 gold pieces
  7303 | D:9      | Bought a potion of heal wounds for 75 gold pieces
  7349 | D:9      | Noticed JimboTheBarbarian's ghost (novice MiFi)
  7496 | D:9      | Reached * piety under Okawaru
  7515 | D:9      | Found a staircase to the Orcish Mines.
  7939 | D:9      | Killed JimboTheBarbarian's ghost
  7939 | D:9      | Reached ** piety under Okawaru
  7940 | D:9      | Reached skill level 1 in Evocations
  8170 | D:10     | Entered Level 10 of the Dungeon
  8187 | D:10     | Found a runed translucent gate.
  8187 | D:10     | Found a runed translucent gate.
  8187 | D:10     | Found a runed translucent gate.
  8192 | D:10     | Noticed turdburglar's ghost (journeyman DsMo)
  8218 | D:10     | Reached skill level 14 in Axes
  8502 | D:10     | Noticed a two-headed ogre
  8508 | D:10     | Reached *** piety under Okawaru
  8823 | D:10     | Reached XP level 11. HP: 75/95 MP: 10/10
  8921 | D:10     | Found a staircase to the Lair.
  8944 | D:10     | Noticed a two-headed ogre
  8953 | D:10     | Killed a two-headed ogre
  9127 | D:10     | Killed a two-headed ogre
  9127 | D:10     | Reached **** piety under Okawaru
  9128 | D:10     | Reached skill level 15 in Axes
  9377 | D:10     | Reached skill level 10 in Armour
  9428 | D:10     | Found a basalt altar of Yredelemnul.
  9515 | D:10     | Reached ***** piety under Okawaru
  9659 | D:11     | Noticed an orc knight
  9661 | D:11     | Noticed a seven-headed hydra
  9877 | D:11     | Noticed a green ugly thing
  9903 | Lair:1   | Entered Level 1 of the Lair of Beasts
 10270 | Lair:1   | Found a hazy altar of Hepliaklqana.
 10349 | Lair:1   | Reached skill level 5 in Dodging
 11562 | Lair:2   | Reached XP level 12. HP: 89/106 MP: 11/11
 11621 | Lair:2   | Found a staircase to the Snake Pit.
 11656 | Lair:2   | Received a gift from Okawaru
 11657 | Lair:2   | Reached skill level 16 in Axes
 11886 | Lair:2   | Reached skill level 10 in Fighting
 12029 | Lair:2   | Noticed Prince Ribbit
 12043 | Lair:2   | Killed Prince Ribbit
 12126 | Lair:2   | Noticed a death yak
 12127 | Lair:2   | Noticed a death yak
 12128 | Lair:2   | Noticed a death yak
 12487 | Snake:1  | Entered Level 1 of the Snake Pit
 12498 | Lair:2   | Slain by a black mamba

Illustrated notes

Levels and vault maps discovered:
D:1:      scummos_arrival_star, layout_basic
D:2:      layout_loops_ring, shapermc_ecumenical_altar_gd, uniq_jessica
D:3:      minmay_goblin_kobold_castle, layout_basic, serial_shops,
          nicolae_shop_window_shopping, nicolae_shop_tiny_statue_garden, shop,
          nicolae_shop_overgrown_old_shop, uniq_natasha, uniq_ijyb
D:4:      layout_layer_cave, nicolae_ru_sacrificial_ziggurat,
          minmay_temple_entry_glassed_door, kennysheep_crisscross,
          uniq_crazy_yiuf_cottage, uniq_eustachio
D:5:      layout_basic, overflow_temple_1_default, gammafunk_ghost_cemetery
D:6:      layout_loops_cross, mainiacjoe_overflow_swirl, minitemple,
          serial_undead, serial_undead_e, serial_undead_b, serial_undead_e,
          serial_undead_b, serial_undead_c, serial_undead_d, serial_undead_a,
          hangedman_abyss_or_decor_stagger
D:7:      layout_rooms, nicolae_overflow_hidden_temple, serial_shops,
          nicolae_shop_crystal, nicolae_shop_tiny_statue_garden,
          nicolae_shop_advertising_works [nicolae_subvault_shop_adworks],
          nicolae_diamond_shop, nicolae_shop_crystal, uniq_duvessa
D:8:      layout_loops_cross, special_room [special_room_orc], enter_ossuary_3,
          nicolae_shop_vocational
D:9:      layout_small_grid, erik_orc_2, ebering_ghost_reflecting_pool,
          serial_shops, nicolae_lakefront_shop
D:10:     layout_small_grid, lemuel_mausoleum_altar_yredelemnul,
          hellmonk_lair_entry_icy, gammafunk_ghost_spectres
D:11:     minmay_diamond_stairs, layout_cave_pools,
          nicolae_elyvilon_temple_path, uniq_maurice
Temple:   zaba_magenta_temple
Lair:1:   layout_cave_pods, basic_altar, serial_bayou_shore_b,
          grunt_megastairs_1
Lair:2:   layout_regular_city, palyth_hydra_swamp_entry,
          guppyfry_snake_entry_island, chequers_serial_rivers_micro_a,
          uniq_prince_ribbit2
Snake:1:  layout_honeycomb, library_closet

Skill      XL: |  1  2  3  4  5  6  7  8  9 10 11 12 |
---------------+-------------------------------------+-----
Fighting       | 4 5 6 7 8 9 10 | 10.2
Shields        | 4 5 6 7 8 |  8.1
Axes           | 3 4 5 6 7 8 10 12 14 15 16 | 16.3
Armour         | 4 6 7 8 9 10 11 | 11.2
Dodging        | 1 2 3 4 5 |  5.2
Stealth        | 1 3 |  3.3
Evocations     | 1 2 |  2.0

Action                     |  1- 3 |  4- 6 |  7- 9 | 10-12 || total
---------------------------+-------+-------+-------+-------++-------
  Melee: War axe           |    59 |       |       |       ||    59
         Headbutt          |     3 |     7 |    32 |    51 ||    93
         Hand axe          |     6 |    90 |   238 |   293 ||   627
         Mace              |       |       |     3 |       ||     3
Ability: Evoke Blink       |       |       |     2 |       ||     2
  Evoke: Wand              |       |       |       |     9 ||     9
    Use: Potion            |       |     1 |     2 |     9 ||    12
         Scroll            |       |       |    14 |     9 ||    23
   Stab: Paralysed         |       |       |       |     3 ||     3
 Armour: Scale mail        |    34 |    39 |    87 |    97 ||   257
  Dodge: Dodged            |    30 |    50 |   118 |   144 ||   342
  Block: Buckler           |    18 |    19 |    57 |    83 ||   177
